Match 28608857
Unlisted

Match 28608857
End
Construct Barracks
Selects Armored Battlegroup
Selects Veteran Crews
Riflemen Squad
1⁄4-ton 4x4 Truck
Riflemen Squad
Riflemen Squad
Mechanized Support Center
Riflemen Squad
Designate Forward Repair Station
Construct Motor Pool
M8 Greyhound Armored Car
Selects Strength in Steel
Construct Medical Station
M1 Anti-tank Gun Team
Selects M31 Recovery Vehicle
Construct Tank Depot
M1918 Browning Automatic Rifles
M1 Anti-tank Gun Team
Selects War Machine
Designate Forward Repair Station
Selects M8 Scott SPG
Selects UNKNOWN (2160077)
M4A3E8 Sherman Easy Eight
Grenade Package
M1 Anti-tank Gun Team
58djut5ki44d9
Dromaeda
sniper shot reduces your mom lif
CAuMOH
0
0

Comments sign in to comment!

No comments posted yet!